 Dungeon Crawl Stone Soup version 0.27.1-33-g824d729ab1 (webtiles) character file.

Game seed: 7893502670982273594

49 zeram the Conjurer (level 3, -2/31 HPs)
             Began as a Troll Conjurer on Dec 10, 2021.
             Slain by Grinder (6 damage)
             ... on level 3 of the Dungeon.
             The game lasted 00:02:27 (1575 turns).

zeram the Conjurer (Troll Conjurer)                 Turns: 1575, Time: 00:02:28

Health: -2/31      AC:  4    Str: 21    XL:     3   Next: 53%
Magic:  3/3        EV:  9    Int: 15    God:
Gold:   79         SH:  0    Dex:  8    Spells: 3/4 levels left

rFire    + . .     SeeInvis .   d - +0 club
rCold    . . .     Faith    .   (no shield)
rNeg     . . .     Spirit   .   b - +0 robe {rF+}
rPois    .         Reflect  .   (helmet restricted)
rElec    .         Harm     .   (no cloak)
rCorr    .         Rampage  .   (gloves unavailable)
Will     .....                  (boots unavailable)
Stlth    +.........             (no amulet)
HPRegen  1.10/turn              c - +6 ring of strength
MPRegen  0.08/turn              (no ring)

@: no status effects
A: large, unfitting armour, claws 3, regeneration 1, shaggy fur 1, tough skin 1
a: no special abilities


You were on level 3 of the Dungeon.
You visited 1 branch of the dungeon, and saw 3 of its levels.

You collected 79 gold pieces.

Inventory:

Hand Weapons
 d - a +0 club (weapon)
Armour
 b - a +0 robe of fire resistance (worn)
Jewellery
 c - a +6 ring of strength (left claw)
Scrolls
 e - 2 scrolls of identify {unknown}
 g - a scroll of enchant weapon {unknown}
 h - a scroll of amnesia {unknown}
Potions
 f - a potion of mutation {unknown}
 i - a potion of brilliance {unknown}


   Skills:
 + Level 0.2 Maces & Flails
 + Level 2.2 Dodging
 - Level 1.0 Stealth
 - Level 1.2 Spellcasting
 + Level 3.6 Conjurations


You had 3 spell levels left.
You knew the following spells:

 Your Spells              Type           Power      Damage    Failure   Level
a - Magic Dart            Conj           48%        1d5       5%          1

Your spell library contained the following spells:

 Spells                   Type           Power      Damage    Failure   Level
 Searing Ray              Conj           24%        3d4       8%          2
 Dazzling Flash           Conj/Hex       12%        N/A       34%         3
 Fulminant Prism          Conj/Hex       3%         3d6       75%         4
 Iskenderun's Mystic Bla  Conj/Tloc      6%         2d4       75%         4


Dungeon Overview and Level Annotations

Branches:
Dungeon (3/15)

Altars:
Makhleb

Shops:
D:2 (

Annotations:
D:3 Grinder


Innate Abilities, Weirdness & Mutations

You are too large for most types of armour.
You have claws for hands.
Your natural rate of healing is unusually fast.
You are covered in fur. (AC +1)
You have tough skin. (AC +1)


Message History

You hit Grinder but do no damage.
Grinder is lightly wounded.
Grinder hits you but does no damage.
You hit Grinder.
Grinder is lightly wounded.
Grinder hits you but does no damage.
You barely miss Grinder.
Grinder is lightly wounded.
Grinder hits you!
Grinder blinks!
You hit Grinder.
Grinder is lightly wounded.
Grinder hits you.
You are too injured to fight recklessly!
You are too injured to fight recklessly!
You are too injured to fight recklessly!
Unknown command.
It was a potion of curing.
You feel better. Grinder gestures at you.
You suddenly lose the ability to move!
Grinder hits you but does no damage. x2
You can move again.
You hit Grinder.
Grinder is moderately wounded.
Grinder gestures at you. Pain shoots through your body!
You closely miss Grinder.
Grinder is moderately wounded.
Grinder hits you.
You writhe in agony.
Grinder closely misses you.
You hit Grinder.
Grinder is moderately wounded.
Grinder barely misses you.
You hit Grinder but do no damage.
Grinder is moderately wounded.
Grinder hits you.
You writhe in agony.
You hit Grinder.
Grinder is moderately wounded.
Grinder hits you!
You writhe in agony.
* * * LOW HITPOINT WARNING * * *
Grinder hits you.
You die...

##
...################
...................
####........†.....
#####....#########..
#..@.......# #####._
#...5##....#.#
#...... #....
#....#.# #......
#....
#....#.###......
#....
#....#.#........
#....
#.:..#.#.....#.#
#....
######.#.....#.#
..... #.#.....#.#
#.#.....#.#


You could see Grinder.

Vanquished Creatures
  2 dart slugs (D:1)
  8 ball pythons
  4 bats
  3 endoplasms
  3 giant cockroaches
  A goblin (D:1)
  A hobgoblin (D:1)
  4 jackals (D:1)
  2 quokkas (D:1)
  3 frilled lizards (D:1)
  8 kobolds
  7 rats
46 creatures vanquished.

Notes
Turn   | Place    | Note
-------+----------+-------------------------------------------
     0 | D:1      | zeram the Troll Conjurer began the quest for the Orb.
     0 | D:1      | Reached XP level 1. HP: 16/16 MP: 1/1
    35 | D:1      | Reached skill level 3 in Conjurations
    97 | D:1      | Reached XP level 2. HP: 11/24 MP: 2/2
   574 | D:1      | Reached XP level 3. HP: 27/31 MP: 3/3
   880 | D:2      | Found Cofeqi's Antique Weapon Emporium.
  1413 | D:2      | Found a faded altar of an unknown god.
  1525 | D:3      | Found a burning altar of Makhleb.
  1554 | D:3      | Noticed Grinder
  1568 | D:3      | Paralysed by Grinder for 3 turns
  1575 | D:3      | Slain by Grinder

Illustrated notes

Levels and vault maps discovered:
D:1:      psy_arrival_spokes, layout_basic
D:2:      layout_basic, shapermc_ecumenical_altar_hornbeckon, serial_shops,
          shop, kennysheep_potato
D:3:      layout_basic, bloody_makhleb, overflow_temple_1_default,
          chequers_hall_statues_wall_a, grunt_ministairs_4, uniq_grinder

Skill      XL: |  1  2  3 |
---------------+----------+-----
Conjurations   | 3 |  3.6
Dodging        | 2 |  2.2
Maces & Flails | |  0.2
Stealth        | |  1.0
Spellcasting   | |  1.2

Action                   || total
-------------------------++-------
Melee: Unarmed           ||   115
       Club              ||    75
  Use: Potion            ||     1
 Stab: Sleeping          ||     1
Armor: Robe              ||    90
       Skin              ||     2
Dodge: Dodged            ||   102
